 Dungeon Crawl Stone Soup version 0.29-a0-360-g8ed1089bbe (webtiles) character file.

Game seed: 4377356994838376186

2280 ytrimaz the Cudgeller (level 9, -5/67 HPs)
             Began as a Demonspawn Fighter on Apr 28, 2022.
             Was an Elder of Okawaru.
             Slain by a hornet (10 damage)
             ... on level 7 of the Dungeon.
             The game lasted 00:08:00 (6845 turns).

ytrimaz the Cudgeller (Demonspawn Fighter)          Turns: 6845, Time: 00:08:01

Health: -5/67      AC: 13    Str: 20    XL:     9   Next: 16%
Magic:  12/13      EV: 12    Int:  9    God:    Okawaru [****..]
Gold:   343        SH: 10    Dex: 14    Spells: 8/8 levels left

rFire   + . .      SeeInvis +   p - +6 whip of Qazlal's Esteem {protect, Will+ SInv}
rCold   . . .      Faith    .   c - +0 buckler
rNeg    + . .      Spirit   .   f - +2 ring mail {rF+}
rPois   .          Reflect  .   (helmet restricted)
rElec   .          Harm     .   (no cloak)
rCorr   .          Rampage  .   (no gloves)
Will    +....                   (no boots)
Stlth   ++........              (no amulet)
HPRegen 0.21/turn               g - ring of positive energy
MPRegen 0.13/turn               (no ring)

@: heroic, slowed, very slow
A: horns 1, icemail 1, condensation shield
a: Renounce Religion, Heroism, Finesse


You were on level 7 of the Dungeon.
You worshipped Okawaru.
Okawaru was greatly pleased with you.
You visited 1 branch of the dungeon, and saw 7 of its levels.

You collected 343 gold pieces.

Inventory:

Hand Weapons
 a - a +0 war axe
 p - the +6 whip of Qazlal's Esteem (weapon) {protect, Will+ SInv}
   (You found it on level 3 of the Dungeon)

   It grants its wielder temporary protection when it strikes (+7 to AC).
   SInv:      It lets you see invisible.
   Will:      It increases your willpower.
 C - a +3 whip of draining
Missiles
 i - 6 boomerangs (quivered)
 y - 2 throwing nets
Armour
 c - a +0 buckler (worn)
 f - a +2 ring mail of fire resistance (worn)
Jewellery
 g - a ring of positive energy (left hand)
Wands
 d - a wand of paralysis (12)
 x - a wand of iceblast (14)
 D - a wand of polymorph (13)
Scrolls
 e - a scroll of teleportation
 j - a scroll of fear
 o - a scroll of fog
 r - a scroll of blinking
 t - a scroll of enchant weapon
 w - 4 scrolls of amnesia
 A - 4 scrolls of enchant armour
Potions
 h - a potion of resistance
 k - 2 potions of brilliance
 l - 3 potions of ambrosia
 m - a potion of cancellation
 n - a potion of berserk rage
 q - a potion of invisibility
 s - 2 potions of attraction
 u - a potion of heal wounds {unknown}
 v - a potion of flight {unknown}
 z - a potion of haste {unknown}
 B - a potion of lignification {unknown}


   Skills:
 + Level 4.8(9.8) Fighting
 - Level 2.7(10.5) Axes
 * Level 7.6(12.8) Maces & Flails
 + Level 4.9(9.9) Armour
 + Level 4.5(9.5) Shields
 * Level 5.9 Invocations


You had 8 spell levels left.
You didn't know any spells.
Your spell library contained the following spells:

 Spells                   Type           Power      Damage    Failure   Level
 Slow                     Hex            0%         N/A       58%         1
 Static Discharge         Conj/Air       0%         N/A       75%         2
 Confusing Touch          Hex            0%         N/A       92%         3
 Conjure Flame            Conj/Fire      0%         6-21      92%         3
 Ignite Poison            Fire/Tmut/Pois 0%         N/A       92%         3
 Ozocubu's Armour         Ice            0%         N/A       92%         3
 Portal Projectile        Hex/Tloc       0%         N/A       92%         3
 Vampiric Draining        Necr           0%         2d6       92%         3
 Dispel Undead            Necr           0%         3d6       100%        4
 Leda's Liquefaction      Hex/Erth       0%         N/A       100%        4
 Sticky Flame             Conj/Fire      0%         2d3       100%        4
 Metabolic Englaciation   Hex/Ice        0%         N/A       100%        5
 Orb of Destruction       Conj           0%         9d5       100%        7
 Call Canine Familiar     Summ           Unusable   N/A       N/A         3
 Summon Guardian Golem    Hex/Summ       Unusable   N/A       N/A         3
 Simulacrum               Ice/Necr       Unusable   N/A       N/A         6
 Spellforged Servitor     Conj/Summ      Unusable   N/A       N/A         7

Dungeon Overview and Level Annotations

Branches:
Dungeon (7/15)             Temple (0/1) D:7

Altars:
Gozag
Makhleb
Okawaru
Zin

Shops:
D:4 ?   D:7 [!**

Annotations:
D:6 2 runed translucent doors, Shayle's ghost, novice TeBr


Innate Abilities, Weirdness & Mutations

You have a pair of small horns on your head.
A meltable icy envelope protects you from harm. (AC +4)
A meltable shield of frost defends you. (SH +4)


Message History

You kill the ufetubus!
Okawaru accepts your kill.
You barely miss the hornet.
You headbutt the hornet, but do no damage.
The hornet is moderately wounded.
You block the hornet's attack.
You hit the hornet but do no damage. You headbutt the hornet.
The hornet is heavily wounded.
The hornet stings you but does no damage.
You barely miss the hornet.
The hornet is heavily wounded.
The hornet completely misses you.
You hit the hornet but do no damage.
The hornet is heavily wounded.
You completely miss the hornet.
The hornet is heavily wounded.
The hornet stings you.
You suddenly lose the ability to move!
The hornet stings you but does no damage.
The hornet stings you.
* * * LOW HITPOINT WARNING * * *
You are poisoned.
You feel yourself slow down.
You can move again.
You closely miss the hornet. You headbutt the hornet.
The hornet is heavily wounded.
You feel sick. The hornet stings you!
* * * LOW HITPOINT WARNING * * *
You feel as though you will be slow longer.
Unknown command.
Unknown command.
You feel better. The hornet stings you.
* * * LOW HITPOINT WARNING * * *
You feel as though you will be slow longer.
The hornet completely misses you.
Unknown command.
You feel better. The hornet stings you!
* * * LOW HITPOINT WARNING * * *
You feel as though you will be slow longer.
The hornet stings you!
You die...

#$..#......# # ..
#...#.....##.. ..
#............
#.....##.... .......
##.....#.##.# #.......
#...........## #.......
#.......###..+ +.......
###.##y####..#+#.......
##..##@..##............
#......................
##..#.....#...........^
##...#..##.......)..).
#...##..8.........####
#....#............# ##
......#8...<........##.
#...............##....#.
#.....8...∩...8..##.....


You could see a hornet.

Vanquished Creatures
  Pikel (D:4)
  Duvessa (D:7)
  An ice beast (D:7)
  4 ogres
  A kobold brigand (D:7)
  2 phantoms
  3 bullfrogs (D:6)
  3 scorpions (D:5)
  5 hounds
  3 jellies
  3 orc priests
  Crazy Yiuf (D:5)
  3 iguanas
  Robin (D:4)
  5 adders
  8 gnolls
  A shadow imp (D:7)
  A white imp (D:6)
  An ufetubus (D:7)
  2 worms (D:3)
  4 dart slugs
  7 orcs
  13 ball pythons
  5 bats
  9 endoplasms
  5 giant cockroaches
  16 goblins
  13 hobgoblins
  5 quokkas
  7 frilled lizards
  13 kobolds
  3 rats
150 creatures vanquished.

Vanquished Creatures (others)
  2 plants (D:7)
2 creatures vanquished.

Grand Total: 152 creatures vanquished

Notes
Turn   | Place    | Note
-------+----------+-------------------------------------------
     0 | D:1      | ytrimaz the Demonspawn Fighter began the quest for the Orb.
     0 | D:1      | Reached XP level 1. HP: 18/18 MP: 1/1
    74 | D:1      | Gained mutation: A meltable shield of frost defends you.
                  | (SH +4) [demonic ancestry]
    74 | D:1      | Reached XP level 2. HP: 14/24 MP: 2/2
   807 | D:1      | Reached XP level 3. HP: 25/29 MP: 3/3
  1294 | D:2      | Found an iron altar of Okawaru.
  1349 | D:2      | Became a worshipper of Warmaster Okawaru
  1765 | D:3      | Reached XP level 4. HP: 27/35 MP: 4/4
  1882 | D:3      | Reached skill level 1 in Invocations
  2002 | D:3      | Found a burning altar of Makhleb.
  2014 | D:3      | Identified the +6 whip of Qazlal's Esteem {protect, Will+
                  | SInv}
  2575 | D:4      | Reached XP level 5. HP: 33/41 MP: 6/6
  2645 | D:4      | Reached skill level 1 in Maces & Flails
  2677 | D:4      | Noticed Robin
  2678 | D:4      | Found an opulent altar of Gozag.
  2697 | D:4      | Killed Robin
  2824 | D:4      | Found Qodeewas's Magic Scroll Boutique.
  2918 | D:4      | Identified the +8 rapier of Yduq {vorpal, Fly rPois Will-
                  | Stlth+}
  2925 | D:4      | Noticed a phantom
  2928 | D:4      | Noticed Pikel
  2928 | D:4      | Noticed a lemure
  2928 | D:4      | Noticed a lemure
  2929 | D:4      | Noticed a lemure
  2930 | D:4      | Noticed a lemure
  2939 | D:4      | Killed a phantom
  2939 | D:4      | Reached * piety under Okawaru
  2940 | D:4      | Reached skill level 2 in Maces & Flails
  2949 | D:4      | Killed Pikel
  2949 | D:4      | Reached ** piety under Okawaru
  2950 | D:4      | Reached skill level 4 in Maces & Flails
  2950 | D:4      | Reached XP level 6. HP: 39/48 MP: 6/8
  2950 | D:4      | Reached XP level 7. HP: 43/54 MP: 6/9
  3226 | D:5      | Entered Level 5 of the Dungeon
  3240 | D:5      | Reached *** piety under Okawaru
  3241 | D:5      | Reached skill level 5 in Maces & Flails
  3597 | D:5      | Gained mutation: A meltable icy envelope protects you from
                  | harm. (AC +4) [demonic ancestry]
  3597 | D:5      | Reached XP level 8. HP: 60/60 MP: 11/11
  4066 | D:5      | Reached skill level 6 in Maces & Flails
  4453 | D:5      | Reached skill level 5 in Invocations
  4862 | D:5      | Found a runed translucent door.
  4863 | D:5      | Noticed Crazy Yiuf
  4921 | D:5      | Killed Crazy Yiuf
  5205 | D:6      | Found a large runed translucent door.
  5205 | D:6      | Found a large runed translucent door.
  5206 | D:6      | Noticed Shayle's ghost (novice TeBr)
  5533 | D:6      | Reached **** piety under Okawaru
  5537 | D:6      | Reached skill level 7 in Maces & Flails
  5711 | D:6      | Gained mutation: You have a pair of small horns on your
                  | head. [demonic ancestry]
  5711 | D:6      | Reached XP level 9. HP: 54/66 MP: 13/13
  6130 | D:7      | Found Lewen's Specific Store.
  6130 | D:7      | Found Xuras's General Store.
  6130 | D:7      | Found Yliczext's Distillery.
  6336 | D:7      | Found a staircase to the Ecumenical Temple.
  6733 | D:7      | Found Ixuut's Antique Armour Boutique.
  6774 | D:7      | Noticed Duvessa
  6793 | D:7      | Killed Duvessa
  6841 | D:7      | Paralysed by a hornet for 1 turns
  6843 | D:7      | HP: 1/67 [hornet (12)]
  6845 | D:7      | Slain by a hornet

Illustrated notes

Levels and vault maps discovered:
D:1:      dpeg_arrival_simpleton_c, layout_basic, nrook_mini_backslash
D:2:      layout_loops_ring, basic_altar
D:3:      layout_loops_ring, bloody_makhleb
D:4:      layout_rooms, mainiacjoe_overflow_boulevard, grunt_gozag_statues,
          serial_shops, shop_scrolls, eino_tiny_chamber, uniq_pikel, uniq_robin
D:5:      layout_basic, uniq_crazy_yiuf_cottage
D:6:      layout_loops_ring, ebering_ghost_disaster_area, hex_medium
D:7:      layout_cave_pools, temple_statues, serial_shops,
          nicolae_stop_n_shop_1, nicolae_shop_advertising_works
          [nicolae_subvault_shop_adworks], nicolae_shop_behind_doors,
          nicolae_specific_store, hangedman_decor_slide_cut,
          serial_bayou_pond_b, uniq_duvessa

Skill      XL: |  1  2  3  4  5  6  7  8 |
---------------+-------------------------+-----
Armour         | 3 4 |  4.9
Axes           | 2 |  2.7
Shields        | 3 4 |  4.5
Invocations    | 1 3 4 5 |  5.9
Maces & Flails | 4 5 7 |  7.6
Fighting       | 4 |  4.8

Action                   |  1- 3 |  4- 6 |  7- 9 || total
-------------------------+-------+-------+-------++-------
Melee: War axe           |   120 |    22 |       ||   142
       Whip              |       |    78 |   248 ||   326
       Headbutt          |       |       |    12 ||    12
Invok: Heroism           |       |       |     1 ||     1
  Use: Scroll            |    10 |     3 |     4 ||    17
       Potion            |       |     1 |     3 ||     4
Armor: Scale mail        |    28 |       |       ||    28
       Ring mail         |    25 |    32 |    68 ||   125
Dodge: Dodged            |    47 |    36 |    89 ||   172
Block: Buckler           |    55 |    42 |    94 ||   191

Table legend: (Time is in decaauts)
 A = Elapsed time spent in this place.
 B = Non-inter-level travel time spent in this place.
 C = Inter-level travel time spent in this place.
 D = Time resting spent in this place.
 E = Time spent auto-exploring this place.
 F = Levels seen in this place.
 G = Mean time per level.
                   A        B        C        D        E       F      G
               +--------+--------+--------+--------+--------+-----+--------+
         Total |   6861 |   6643 |    218 |    623 |   4849 |   7 |  980.1 |
       Dungeon |   6861 |   6643 |    218 |    623 |   4849 |   7 |  980.1 |
               +--------+--------+--------+--------+--------+-----+--------+

Top non-repeatable levels by time:
     D:5: 1813 daAuts
     D:6: 1442 daAuts
     D:1: 1087 daAuts
     D:3: 857 daAuts
     D:2: 675 daAuts
     D:4: 668 daAuts
     D:7: 316 daAuts
